 Dungeon Crawl Stone Soup version 0.22-a0-479-gc6e99f3 (webtiles) character file.

2462 KristoblXynda the Grappler (level 9, -1/74 HPs)
             Began as a Troll Wizard on June 14, 2018.
             Was an Initiate of Ashenzari.
             Splashed by a jelly's acid (4 damage)
             ... on level 7 of the Dungeon.
             The game lasted 00:11:52 (5029 turns).

KristoblXynda the Grappler (Troll Wizard)           Turns: 5029, Time: 00:11:53

Health: -1/74      AC:  5    Str: 17    XL:     9   Next: 26%
Magic:  7/9        EV: 10    Int: 17    God:    Ashenzari [......]
Gold:   224        SH:  0    Dex: 10    Spells: 8/12 levels left

rFire    . . .     SeeInvis .     - Unarmed
rCold    . . .     Gourm    +   (no shield)
rNeg     . . .     Faith    .   a - +0 robe
rPois    +         Spirit   .   b - +0 hat
rElec    .         Reflect  .   m - +1 cloak {rPois} (curse)
rCorr    .         Harm     .   (gloves unavailable)
MR       .....     Clarity  +   (boots unavailable)
Stlth    ++........             (no amulet)
HPRegen  0.62/turn              (no ring)
MPRegen  0.11/turn              (no ring)

@: corroded
A: large, unfitting armour, claws 3, iridescent scales 1, thin skeletal
structure 1, clarity, fast metabolism 3, gourmand, low mp 1, regeneration 1,
shaggy fur 1, tough skin 2
a: Curse Item, Renounce Religion


You were on level 7 of the Dungeon.
You worshipped Ashenzari.
Ashenzari was noncommittal.
You were very full.

You visited 2 branches of the dungeon, and saw 8 of its levels.
You also visited: Ossuary.

You collected 263 gold pieces.
You spent 39 gold pieces at shops.

Inventory:

Armour
 a - a +0 robe (worn)
 b - a +0 hat (worn)
 m - a cursed +1 cloak of poison resistance (worn)
Wands
 r - a wand of enslavement (5)
 t - a wand of digging (13)
Scrolls
 e - 3 scrolls of amnesia
 g - a scroll of noise {unknown}
 h - a scroll of enchant weapon {unknown}
 i - a scroll of enchant armour {unknown}
 j - a scroll of teleportation
 k - 3 scrolls of remove curse
 n - a scroll of random uselessness {unknown}
 o - 2 scrolls of blinking
 q - a scroll of fear
 x - a scroll of identify
Potions
 c - 2 potions of might
 f - a potion of flight
 l - 2 potions of invisibility {unknown}
 p - 2 potions of resistance
 s - 2 potions of haste
 u - a potion of agility
 v - a potion of cancellation {unknown}
 z - a potion of curing
Comestibles
 d - 12 rations


   Skills:
 - Level 1.5 Dodging
 - Level 1.0 Stealth
 + Level 8.8 Unarmed Combat
 - Level 2.0 Spellcasting
 + Level 6.8 Conjurations
   Level 0.6 Summonings
   Level 0.6 Translocations


You had 8 spell levels left.
You knew the following spells:

 Your Spells              Type           Power        Failure   Level  Hunger
a - Magic Dart            Conj           ###.         1%          1    #......
b - Mephitic Cloud        Conj/Pois/Air  #.......     22%         3    ###....

Your spell library contained the following spells:

 Spells                   Type           Power        Failure   Level  Hunger
 Conjure Flame            Conj/Fire      ##......     14%         3    ###....
 Slow                     Hex            #.......     28%         2    ###....
 Blink                    Tloc           N/A          22%         2    ###....
 Call Imp                 Summ           #.......     22%         2    ###....


Dungeon Overview and Level Annotations

Branches:
Dungeon (7/15)             Temple (1/1) D:6

Altars:
Ashenzari
Cheibriados
Dithmenos
Elyvilon
Fedhas
Gozag
Hepliaklqana
Kikubaaqudgha
Makhleb
Nemelex Xobeh
Okawaru
Qazlal
Ru
Sif Muna
Trog
Uskayaw
Vehumet
Wu Jian
Xom
Yredelemnul
Zin
The Shining One

Shops:
D:6 *

Annotations:
D:7 Duvessa


Innate Abilities, Weirdness & Mutations

You are too large for most types of armour.
You have claws for hands.
Your metabolism is lightning-fast.
You like to eat raw meat.
Your natural rate of healing is unusually fast.
You are covered in fur. (AC +1)
You have very tough skin. (AC +2)
You are partially covered in iridescent scales. (AC +2)
You have a somewhat thin skeletal structure. (Dex +2, Stealth)
You possess an exceptional clarity of mind.
Your magical capacity is low. (-10% MP)


Message History

The phantom hits you!
* * * LOW HITPOINT WARNING * * *
You hear a shout!
You closely miss the phantom.
The phantom is moderately damaged.
The phantom hits you.
* * * LOW HITPOINT WARNING * * *
The phantom blinks!
You scratch the jelly.
Your claws burn!
* * * LOW HITPOINT WARNING * * *
The jelly is moderately wounded.
The jelly hits you but does no damage.
You feel better.
You hear a shout!
The jelly hits you.
* * * LOW HITPOINT WARNING * * *
You are splashed with acid!
The acid burns!
* * * LOW HITPOINT WARNING * * *
You claw the jelly! The acid corrodes you!
Your claws burn!
You die...

.#...........#
.#.#####.....#####
.#.# #.........#
.#.# #.........#
##.#
#######....###
...#
...........#..
####
#####......#.#
#....#J#.# #
#....#@#.# .##
#....#.#.###e.#
######W.......##
#....)....#
##.....#..#
#.....# .# #.....#
#.....# #######


You could see a phantom and a jelly.

Vanquished Creatures
  A hippogriff (D:7)
  2 wraiths (Ossuary)
  A sky beast (D:7)
  3 phantoms
  3 bullfrogs (D:6)
  Dowan (D:7)
  3 scorpions
  4 wights (Ossuary)
  2 howler monkeys (D:4)
  A crimson imp (D:6)
  7 hounds
  2 jellies
  Crazy Yiuf (D:2)
  A bullfrog zombie (D:5)
  An orc priest (D:5)
  6 orc wizards
  3 worker ants
  A killer bee zombie (D:6)
  A worker ant zombie (D:6)
  Robin (D:3)
  5 gnolls
  14 adders
  3 oozes
  2 adder skeletons (D:4)
  An adder zombie (Ossuary)
  2 worms
  4 dart slugs
  9 leopard geckos
  16 orcs
  7 bats
  8 giant cockroaches
  10 goblins
  13 hobgoblins
  9 jackals
  4 quokkas
  A ball python skeleton (Ossuary)
  3 frilled lizards
  A hobgoblin skeleton (Ossuary)
  2 kobolds (D:2)
  A kobold zombie (Ossuary)
  An orc skeleton (Ossuary)
  An orc zombie (Ossuary)
  2 quokka zombies (D:5)
  5 rats
  4 toadstools (D:1)
173 creatures vanquished.

Vanquished Creatures (others)
  An orc wizard (D:4)
1 creature vanquished.

Grand Total: 174 creatures vanquished

Notes
Turn   | Place    | Note
-------+----------+-------------------------------------------
     0 | D:1      | KristoblXynda the Troll Wizard began the quest for the Orb.
     0 | D:1      | Reached XP level 1. HP: 16/16 MP: 2/2
    89 | D:1      | Reached skill level 1 in Unarmed Combat
    89 | D:1      | Reached skill level 1 in Conjurations
    89 | D:1      | Reached XP level 2. HP: 15/24 MP: 4/4
   691 | D:2      | Reached XP level 3. HP: 29/31 MP: 5/5
   721 | D:2      | Reached skill level 2 in Unarmed Combat
   839 | D:2      | Reached XP level 4. HP: 36/39 MP: 6/6
   903 | D:2      | Learned a level 3 spell: Mephitic Cloud
  1023 | D:2      | Found a runed door.
  1214 | D:2      | Noticed Crazy Yiuf
  1221 | D:2      | Killed Crazy Yiuf
  1221 | D:2      | Reached skill level 3 in Unarmed Combat
  1277 | D:3      | Found a glowing golden altar of the Shining One.
  1369 | D:3      | Noticed Robin
  1383 | D:3      | Reached XP level 5. HP: 45/45 MP: 7/7
  1407 | D:3      | Killed Robin
  2166 | D:4      | Reached skill level 4 in Unarmed Combat
  2166 | D:4      | Reached XP level 6. HP: 53/53 MP: 6/8
  2384 | D:4      | Reached skill level 5 in Unarmed Combat
  2384 | D:4      | Reached XP level 7. HP: 59/59 MP: 9/9
  2539 | D:4      | Found a blossoming altar of Fedhas.
  2714 | D:4      | Found a radiant altar of Vehumet.
  2716 | D:4      | Found a burning altar of Makhleb.
  2716 | D:4      | Found a basalt altar of Yredelemnul.
  2718 | D:4      | Found a shimmering altar of Xom.
  2718 | D:4      | Found a snail-covered altar of Cheibriados.
  2718 | D:4      | Found a blossoming altar of Fedhas.
  3183 | D:4      | Found a sacrificial altar of Ru.
  3372 | D:5      | Entered Level 5 of the Dungeon
  3395 | D:5      | Reached skill level 6 in Unarmed Combat
  3468 | D:5      | Reached XP level 8. HP: 56/67 MP: 10/10
  3477 | D:5      | Reached skill level 5 in Conjurations
  3866 | D:5      | Found a sand-covered staircase.
  3873 | Ossuary  | Entered an ossuary
  3925 | Ossuary  | Reached skill level 7 in Unarmed Combat
  3989 | Ossuary  | Noticed a flying skull
  3995 | Ossuary  | Noticed a flying skull
  4028 | Ossuary  | Noticed a flying skull
  4176 | D:5      | Gained mutation: You have a pair of small horns on your head. [potion of mutation]
  4176 | D:5      | Gained mutation: You are partially covered in iridescent scales. (AC +2) [potion of mutation]
  4231 | D:6      | Found a staircase to the Ecumenical Temple.
  4252 | D:6      | Reached skill level 8 in Unarmed Combat
  4255 | Temple   | Entered the Ecumenical Temple
  4374 | Temple   | Became a worshipper of Ashenzari the Shackled
  4510 | D:6      | Reached XP level 9. HP: 74/74 MP: 11/11
  4597 | D:6      | Found Cuttot's General Store.
  4605 | D:6      | Bought a potion of curing for 39 gold pieces
  4605 | D:6      | Lost mutation: You have a pair of small horns on your head. [potion of mutation]
  4605 | D:6      | Gained mutation: You possess an exceptional clarity of mind. [potion of mutation]
  4605 | D:6      | Gained mutation: Your magical capacity is low. (-10% MP) [potion of mutation]
  4605 | D:6      | Gained mutation: You have a somewhat thin skeletal structure. (Dex +2, Stealth) [potion of mutation]
  4772 | D:6      | Found a bloodstained altar of Trog.
  4777 | D:6      | Found a burning altar of Makhleb.
  4999 | D:7      | Noticed Dowan
  5006 | D:7      | Killed Dowan
  5014 | D:7      | Noticed Duvessa
  5028 | D:7      | HP: 3/74 [acid (8)]
  5029 | D:7      | Splashed by a jelly's acid

Vault maps used:
D:1:      ldierk_water_garden
D:2:      skrybe_limestone_x, cheibrodos_gnoll_hut, uniq_crazy_yiuf_cottage
D:3:      lemuel_crystal_altar, first_ration, kennysheep_decorative_pillar,
          uniq_robin
D:4:      kennysheep_little_box, doesnt_xom_only_xom, serial_co_window_serial,
          co_window_corner_a, co_window_of_opportunity_a, co_window_paths_a,
          co_window_paths_b, co_window_paths_b, co_window_paths_a,
          co_window_paths_b, co_window_broadway_a, co_window_of_opportunity_c,
          co_window_broadway_c, co_window_of_opportunity_b, co_window_4corner_b,
          glass_columns_b, glass_columns_a, glass_columns_a, glass_columns_c,
          minmay_misc_feat_four_crosses, minmay_ruined_shrine
D:5:      enter_ossuary_4
D:6:      amethyst_overflow_temple_binary, minmay_temple_entry_grid,
          serial_shops, kennysheep_mini
D:7:      basic_altar, uniq_duvessa
Temple:   eino_temple_rhombus
Ossuary:  ossuary_due_cavern

Skill      XL: |  1  2  3  4  5  6  7  8 |
---------------+-------------------------+-----
Unarmed Combat | 1 2 3 4 5 6 8 |  8.8
Conjurations   | 1 2 3 4 6 |  6.8
Dodging        | |  1.5
Stealth        | |  1.0
Spellcasting   | |  2.0
Summonings     | |  0.6
Translocations | |  0.6

Action                   |  1- 3 |  4- 6 |  7- 9 || total
-------------------------+-------+-------+-------++-------
Melee: Unarmed           |    90 |   276 |   290 ||   656
       Punch             |       |     2 |     7 ||     9
       Headbutt          |       |       |     6 ||     6
 Cast: Mephitic Cloud    |       |     2 |     5 ||     7
Invok: Curse Item        |       |       |     1 ||     1
  Use: Scroll            |       |     3 |     9 ||    12
       Potion            |       |       |     4 ||     4
 Stab: Sleeping          |     2 |     3 |     4 ||     9
       Confused          |       |     2 |     2 ||     4
  Eat: Chunk             |    13 |    15 |    24 ||    52
Armor: Robe              |    30 |   118 |   112 ||   260
Dodge: Dodged            |    41 |   142 |   127 ||   310

Table legend:
 A = Spawn XP
 B = Non-spawn XP
 C = Spawn XP percentage of total XP
 D = Spawn monster count
 E = Non-spawn monster count
 F = Spawn count percentage of total count
 G = Total turns spent on level
                    A         B        C        D         E        F      G
               +---------+---------+-------+---------+---------+-------+---------
         Total |       0 |    3518 |   0.0 |       0 |     170 |   0.0 |  5029
               +---------+---------+-------+---------+---------+-------+---------
           D:1 |       0 |      25 |   0.0 |       0 |      11 |   0.0 |   652
           D:2 |       0 |     145 |   0.0 |       0 |      24 |   0.0 |   625
           D:3 |       0 |     181 |   0.0 |       0 |      47 |   0.0 |   865
           D:4 |       0 |     821 |   0.0 |       0 |      35 |   0.0 |  1230
           D:5 |       0 |     614 |   0.0 |       0 |      18 |   0.0 |   562
           D:6 |       0 |     580 |   0.0 |       0 |      18 |   0.0 |   472
           D:7 |       0 |     472 |   0.0 |       0 |       4 |   0.0 |   154
        Temple |       0 |      43 |   0.0 |       0 |       1 |   0.0 |   206
       Ossuary |       0 |     637 |   0.0 |       0 |      12 |   0.0 |   263
               +---------+---------+-------+---------+---------+-------+---------
